 Dungeon Crawl Stone Soup version 0.30.1-3-gfc49f6343a (webtiles) character file.

Game seed: 10165078460419671389

11041 javelincjr the Fighter (level 11, 0/91 HPs)
             Began as a Demonspawn Fighter on July 20, 2023.
             Was an Elder of Wu Jian.
             Slain by a green ugly thing (6 damage)
             ... on level 11 of the Dungeon.
             The game lasted 00:55:43 (8815 turns).

javelincjr the Fighter (Demonspawn Fighter)         Turns: 8815, Time: 00:55:44

Health: 0/91       AC: 29    Str: 22    XL:     11   Next: 44%
Magic:  11/11      EV: 14    Int:  9    God:    Wu Jian [****..]
Gold:   599        SH:  6    Dex: 18    Spells: 10/10 levels left

rFire   . . .        R - +0 morningstar (protect)
rCold   . . .        c - +0 buckler
rNeg    . . .        O - +1 plate armour
rPois   .            (no helmet)
rElec   .            g - +2 cloak
rCorr   .            B - +2 pair of gloves
SInv    +            (boots unavailable)
Will    .....        (no amulet) Stlth
                     t - ring of see invisible
HPRegen 0.35/turn    Q - +6 ring of dexterity
MPRegen 0.12/turn

%: no passive effects
@: agile, lethally poisoned (0 -> -23), under a protective aura
A: hooves 3, icy blue scales 1, demonic guardian 2, powered by pain 1
a: Renounce Religion, Wall Jump, Serpent's Lash


You were on level 11 of the Dungeon.
You worshipped Wu Jian.
Wu Jian was greatly pleased with you.
You visited 1 branch of the dungeon, and saw 10 of its levels.

You collected 599 gold pieces.

Inventory:

Hand Weapons
 a - a +0 trident
 f - a +3 short sword of venom
 J - a +0 war axe
 N - a +1 dagger of speed
 P - a +3 short sword of freezing
 R - a +0 morningstar of protection (weapon)
Missiles
 j - 2 throwing nets
 o - 24 poisoned darts (quivered)
 s - 6 curare-tipped darts
 T - 3 silver javelins
Armour
 b - a +0 scale mail
 c - a +0 buckler (worn)
 g - a +2 cloak (worn)
 B - a +2 pair of gloves (worn)
 D - a +0 chain mail
 L - +0 acid dragon scales
 O - a +1 plate armour (worn)
 U - a +0 scale mail of positive energy
 W - a +2 scale mail of cold resistance
Jewellery
 t - a ring of see invisible (left hand)
 Q - a +6 ring of dexterity (right hand)
Wands
 C - a wand of flame (5)
 S - a wand of mindburst (3)
 V - a wand of roots (7)
Scrolls
 k - a scroll of noise {unknown}
 l - a scroll of fog {unknown}
 v - 4 scrolls of magic mapping {unknown}
 w - 2 scrolls of immolation {unknown}
 y - 2 scrolls of fear {unknown}
 A - 2 scrolls of vulnerability {unknown}
 E - 2 scrolls of poison {unknown}
 H - 4 scrolls of teleportation {unknown}
 I - 2 scrolls of enchant weapon {unknown}
 M - a scroll of silence {unknown}
Potions
 d - 3 potions of might
 h - 3 potions of heal wounds
 i - a potion of mutation {unknown}
 m - 3 potions of haste
 n - 6 potions of curing
 p - 2 potions of resistance {unknown}
 q - 3 potions of cancellation {unknown}
 r - a potion of flight {unknown}
 u - 2 potions of brilliance {unknown}
 x - 3 potions of berserk rage
 z - a potion of magic {unknown}
 F - a potion of attraction {unknown}
 G - a potion of ambrosia {unknown}
 K - a potion of degeneration {unknown}
 Y - 2 potions of invisibility {unknown}
Miscellaneous
 e - a phial of floods


   Skills:
 * Level 10.2 Fighting
 + Level 6.0 Short Blades
 + Level 6.4 Polearms
 - Level 4.1 Throwing
 + Level 6.7 Armour
 + Level 5.4 Dodging
 + Level 6.7 Shields


You had 10 spell levels left.
You didn't know any spells.
Your spell library was empty.

Dungeon Overview and Level Annotations

Branches:
Dungeon (11/15)            Temple (0/1) D:6            Lair (0/5) D:10
    Orc (0/2) D:10

Altars:
Ashenzari
Cheibriados
Dithmenos
Nemelex Xobeh
Okawaru
Qazlal
Ru
Sif Muna
Wu Jian

Shops:
D:10 ?

Portals:
Trove: D:11 (give 17 potions of curing)

Annotations:
D:6 3 runed translucent doors, Patrick2011's ghost, novice GnWr


Innate Abilities, Weirdness & Mutations

You have hooves in place of feet.
You are partially covered in icy blue scales. (AC +2)
A demonic guardian rushes to your aid.
You sometimes gain a little power by taking damage.


Message History

The green ugly thing is heavily wounded.
The green ugly thing trunk-slaps you.
You are poisoned.
The green ugly thing poisons you!
You block the green ugly thing's attack.
You hit the green ugly thing.
Your weapon exudes an aura of protection.
You kick the green ugly thing.
The green ugly thing is heavily wounded.
You feel extremely sick.
The green ugly thing closely misses you.
You puncture the green ugly thing! You kick the green ugly thing!
The green ugly thing is severely wounded.
You feel extremely sick.
The green ugly thing trunk-slaps you but does no damage.
The green ugly thing completely misses you.
You hit the green ugly thing. Your kick misses the green ugly thing.
The green ugly thing is severely wounded.
You feel extremely sick.
The green ugly thing trunk-slaps you but does no damage.
You closely miss the green ugly thing. You kick the green ugly thing.
The green ugly thing is severely wounded.
You feel very sick.
You block the green ugly thing's attack.
The green ugly thing trunk-slaps you.
You are lethally poisoned!
The green ugly thing poisons you!
You hit the green ugly thing.
The green ugly thing is almost dead.
* * * LOW HITPOINT WARNING * * *
You focus on the pain.
You feel more agile all of a sudden.
You feel extremely sick.
The green ugly thing trunk-slaps you but does no damage.
You hit the green ugly thing.
The green ugly thing is almost dead.
* * * LOW HITPOINT WARNING * * *
You feel extremely sick. The green ugly thing trunk-slaps you.
You die...

#......).# #######'##
#####.# #.....#
#####+##### #.#####
#.>....>..#
####.#########.........#
<.#.........##.........#
#.#.........##.........#
#...............@u.....#
###.........#....).....#
#######.###..........#
#....# ##.........#
#.#### #####+#####
#####'#### #........#
#........# +........#


You could see a green ugly thing.

Vanquished Creatures
  2 two-headed ogres
  A gargoyle (D:11)
  An unseen horror (D:10)
  A kobold demonologist (D:11)
  A komodo dragon (D:10)
  A hornet (D:9)
  2 wyverns (D:10)
  A shadow (D:9)
  12 yaks
  Eustachio (D:5)
  An acid dragon (D:9)
  2 water moccasins (D:9)
  A black bear (D:6)
  5 orc warriors
  2 ice beasts
  An ogre (D:4)
  2 centaurs
  A phantom (D:5)
  2 kobold brigands
  A bullfrog (D:7)
  5 scorpions
  3 gnoll sergeants
  2 wights (D:9)
  3 howler monkeys
  3 jellies
  2 gnoll boudas
  8 orc priests
  An iguana (D:6)
  9 orc wizards
  23 gnolls
  8 adders
  An ufetubus (D:4)
  A worm (D:3)
  3 dart slugs
  29 orcs
  2 ball pythons
  A bat zombie (D:2)
  4 endoplasms
  2 giant cockroaches
  6 goblins
  8 hobgoblins
  5 jackals
  3 quokkas
  A ball python skeleton (D:2)
  2 ball python zombies (D:2)
  2 bats (D:1)
  4 frilled lizards
  13 kobolds
  8 rats
203 creatures vanquished.

Vanquished Creatures (collateral kills)
  2 two-headed ogres
  Joseph (D:7)
  6 yaks
  2 water moccasins
  An orc warrior (D:10)
  An ogre (D:6)
  A wight (D:9)
  A howler monkey (D:9)
  2 hounds
  A jelly (D:5)
  An orc priest (D:10)
  An iguana (D:5)
  An orc wizard (D:6)
  A gnoll (D:10)
  An orc (D:6)
  An endoplasm (D:4)
  A kobold (D:7)
25 creatures vanquished.

Grand Total: 228 creatures vanquished

Notes
Turn   | Place    | Note
-------+----------+-------------------------------------------
     0 | D:1      | javelincjr the Demonspawn Fighter began the quest for the
                  | Orb.
     0 | D:1      | Reached XP level 1. HP: 18/18 MP: 1/1
   201 | D:1      | Gained mutation: A weak demonic guardian rushes to your
                  | aid. [demonic ancestry]
   201 | D:1      | Reached XP level 2. HP: 24/24 MP: 2/2
   734 | D:2      | Gained mutation: You have large cloven feet. [demonic
                  | ancestry]
   734 | D:2      | Reached XP level 3. HP: 29/29 MP: 3/3
   760 | D:2      | Found a snail-covered altar of Cheibriados.
  1330 | D:3      | Gained mutation: You have hoof-like feet. [demonic
                  | ancestry]
  1330 | D:3      | Reached XP level 4. HP: 33/37 MP: 4/4
  1516 | D:3      | Found a faded altar of an unknown god.
  2059 | D:3      | Found a stormy altar of Qazlal.
  2067 | D:3      | Found a sparkling altar of Nemelex Xobeh.
  2069 | D:3      | Found a faded altar of an unknown god.
  2071 | D:3      | Found a shadowy altar of Dithmenos.
  2075 | D:3      | Prayed at the altar of an unknown god.
  2075 | D:3      | Became a worshipper of the Wu Jian Council
  2075 | D:3      | Reached * piety under Wu Jian
  2108 | D:4      | Reached skill level 4 in Fighting
  2108 | D:4      | Reached skill level 1 in Short Blades
  2115 | D:4      | Reached XP level 5. HP: 35/42 MP: 5/5
  2208 | D:4      | Noticed an ogre
  2219 | D:4      | Killed an ogre
  2220 | D:4      | Reached skill level 1 in Throwing
  2237 | D:4      | Gained mutation: A demonic guardian rushes to your aid.
                  | [demonic ancestry]
  2237 | D:4      | Reached XP level 6. HP: 27/49 MP: 6/6
  2796 | D:5      | Entered Level 5 of the Dungeon
  2893 | D:5      | Reached ** piety under Wu Jian
  2894 | D:5      | Reached skill level 5 in Fighting
  2918 | D:5      | Reached XP level 7. HP: 45/56 MP: 7/7
  3278 | D:5      | Noticed Eustachio
  3293 | D:5      | Killed Eustachio
  3294 | D:5      | Reached skill level 1 in Dodging
  3659 | D:5      | Found a sacrificial altar of Ru.
  3667 | D:5      | Found a broken altar of Ashenzari.
  3829 | D:5      | Reached XP level 8. HP: 58/64 MP: 8/8
  3885 | D:6      | Reached skill level 6 in Fighting
  4172 | D:6      | Found a staircase to the Ecumenical Temple.
  4275 | D:6      | Found a runed translucent gate.
  4275 | D:6      | Found a runed translucent gate.
  4276 | D:6      | Found a runed translucent gate.
  4277 | D:6      | Noticed Patrick2011's ghost (novice GnWr)
  4809 | D:7      | Found an iron altar of Okawaru.
  4937 | D:7      | Noticed Joseph
  4968 | D:7      | Gained mutation: You have hooves in place of feet. [demonic
                  | ancestry]
  4968 | D:7      | Reached XP level 9. HP: 21/71 MP: 9/9
  4974 | D:7      | Killed Joseph
  4974 | D:7      | Reached *** piety under Wu Jian
  4975 | D:7      | Reached skill level 7 in Fighting
  5128 | D:7      | You fall into a shaft and drop 2 floors!
  5142 | D:9      | Reached skill level 5 in Armour
  5142 | D:9      | Reached skill level 5 in Shields
  5219 | D:9      | Noticed a two-headed ogre
  5232 | D:9      | Killed a two-headed ogre
  5509 | D:9      | Reached skill level 8 in Fighting
  5529 | D:9      | Reached skill level 5 in Polearms
  5765 | D:9      | Gained mutation: You are partially covered in icy blue
                  | scales. (AC +2) [demonic ancestry]
  5765 | D:9      | Reached XP level 10. HP: 80/80 MP: 10/10
  6331 | D:9      | Found a shimmering blue altar of Sif Muna.
  6404 | D:10     | Entered Level 10 of the Dungeon
  6411 | D:10     | Noticed a two-headed ogre
  6425 | D:9      | Reached skill level 5 in Short Blades
  6505 | D:10     | Reached skill level 9 in Fighting
  6547 | D:10     | Reached **** piety under Wu Jian
  6626 | D:10     | Killed a two-headed ogre
  7087 | D:10     | Gained mutation: You sometimes gain a little power by
                  | taking damage. [demonic ancestry]
  7087 | D:10     | Reached XP level 11. HP: 39/89 MP: 11/11
  7340 | D:10     | Found a staircase to the Lair.
  7355 | D:10     | Found Sainaqokh's Magic Scroll Shop.
  7656 | D:10     | Reached skill level 5 in Dodging
  7965 | D:10     | Found a staircase to the Orcish Mines.
  8547 | D:11     | Noticed a two-headed ogre
  8554 | D:11     | Killed a two-headed ogre
  8555 | D:11     | Reached skill level 10 in Fighting
  8694 | D:11     | Found a portal to a secret trove of treasure.
  8694 | D:11     | Noticed a two-headed ogre
  8699 | D:11     | Killed a two-headed ogre
  8791 | D:11     | Noticed a green ugly thing
  8815 | D:11     | Slain by a green ugly thing

Illustrated notes

Levels and vault maps discovered:
D:1:      lightli_arrival_quake, layout_loops_ring
D:2:      layout_rooms, serial_undead, serial_undead_f, serial_undead_e,
          serial_undead_f, serial_undead_e, serial_undead_a, serial_undead_d,
          basic_altar, kennysheep_nondescript, minmay_bisected
D:3:      layout_basic, chequers_temple_overflow_minitemple,
          hellmonk_ecumenical_altar_prayer_group, chequers_serial_rivers_micro_c
D:4:      layout_cave_pools
D:5:      layout_basic, mainiacjoe_overflow_big_doors,
          hangedman_minor_gate_pass, uniq_eustachio
D:6:      layout_cave_pools, minmay_temple_entry_trees,
          gammafunk_ghost_necromancy
D:7:      layout_cave_pools, nicolae_overflow_crystal_walls, serial_park,
          serial_park_tiny_1, serial_park_avenue1, serial_park_tiny_pond,
          lightli_orcish_oven, uniq_joseph
D:9:      layout_roguey, tgw_sif, old_standard_altar
D:10:     layout_small_grid, minmay_lair_entry_grove, david_orc_4, serial_shops,
          nicolae_shop_behind_doors
D:11:     layout_roguey, nicolae_trove_entry_free_sample,
          roderic_serpentine_path

Skill      XL: |  1  2  3  4  5  6  7  8  9 10 11 |
---------------+----------------------------------+-----
Polearms       | 2 3 4 5 6 |  6.4
Shields        | 3 4 5 6 |  6.7
Armour         | 3 4 5 6 |  6.7
Fighting       | 4 5 6 8 9 10 | 10.2
Short Blades   | 1 2 3 4 5 6 |  6.0
Throwing       | 1 2 3 4 |  4.1
Dodging        | 1 2 3 4 5 |  5.4

Action                     |  1- 3 |  4- 6 |  7- 9 | 10-12 || total
---------------------------+-------+-------+-------+-------++-------
  Melee: Trident           |    17 |       |       |     5 ||    22
         Short sword       |    85 |   130 |   249 |   203 ||   667
         Kick              |    10 |    34 |    94 |   156 ||   294
         Dagger            |       |       |    92 |   120 ||   212
         Morningstar       |       |       |       |   104 ||   104
  Throw: Dart              |       |     3 |     3 |     9 ||    15
 Invoke: Serpent's Lash    |       |       |       |     1 ||     1
Ability: Lunge             |       |    14 |    22 |    24 ||    60
         Whirlwind         |       |    27 |    95 |   138 ||   260
         Wall Jump         |       |       |     6 |     5 ||    11
    Use: Scroll            |       |       |     7 |     2 ||     9
         Potion            |       |       |     2 |       ||     2
   Stab: Distracted        |       |       |     1 |     1 ||     2
 Armour: Scale mail        |    48 |    50 |     7 |       ||   105
         Chain mail        |       |       |   108 |       ||   108
         Plate armour      |       |       |     3 |   167 ||   170
  Dodge: Dodged            |    32 |    42 |    74 |   102 ||   250
  Block: Buckler           |    21 |    23 |    63 |    74 ||   181
